 Dungeon Crawl Stone Soup version 0.30.0-5-g1a98f26d00 (webtiles) character file.

Game seed: 17321203616271784210

1031 apoch the Cleaver (level 8, -2/71 HPs)
             Began as a Minotaur Fighter on May 7, 2023.
             Killed from afar by Natasha (7 damage)
             ... with a magic dart
             ... on level 4 of the Dungeon on May 10, 2023.
             The game lasted 00:08:14 (3833 turns).

apoch the Cleaver (Minotaur Fighter)                Turns: 3833, Time: 00:08:14

Health: -2/71      AC:  6    Str: 22    XL:     8   Next: 3%
Magic:  7/7        EV:  9    Int:  5    God:
Gold:   262        SH:  4    Dex: 11    Spells: 7/7 levels left

rFire   . . .        a - +1 war axe
rCold   . . .        c - +0 buckler
rNeg    . . .        b - +0 scale mail
rPois   .            (helmet restricted)
rElec   .            (no cloak)
rCorr   .            (no gloves)
SInv    .            (no boots)
Will    .....        (no amulet) Stlth
                     (no ring)
HPRegen 0.31/turn    (no ring)
MPRegen 0.10/turn

%: no passive effects
@: no status effects
A: horns 2, retaliatory headbutt
a: no special abilities


You were on level 4 of the Dungeon.
You visited 1 branch of the dungeon, and saw 4 of its levels.

You collected 262 gold pieces.

Inventory:

Hand Weapons
 a - a +1 war axe (weapon)
 m - a +2 flail of protection
 p - a +0 morningstar
Missiles
 n - 4 boomerangs
Armour
 b - a +0 scale mail (worn)
 c - a +0 buckler (worn)
Jewellery
 l - a +5 ring of evasion
Scrolls
 f - a scroll of immolation
 h - a scroll of torment {unknown}
 i - a scroll of poison {unknown}
 k - 3 scrolls of enchant weapon
 s - a scroll of teleportation {unknown}
 t - 2 scrolls of fear {unknown}
 u - a scroll of noise {unknown}
Potions
 d - 2 potions of resistance
 e - 2 potions of cancellation
 g - a potion of haste {unknown}
 o - a potion of brilliance {unknown}
 q - a potion of heal wounds {unknown}
 r - a potion of curing {unknown}


   Skills:
 + Level 6.7 Fighting
 - Level 10.0 Axes
 - Level 3.6 Armour
 - Level 3.6 Shields


You had 7 spell levels left.
You didn't know any spells.
Your spell library contained the following spells:

 Spells                   Type           Power      Damage    Failure   Level
 Vhi's Electric Charge    Tloc/Air       0%         N/A       99%         3
 Arcjolt                  Conj/Air       0%         1d10      100%        5
 Plasma Beam              Fire/Air       0%         2x1d11    100%        6


Dungeon Overview and Level Annotations

Branches:
Dungeon (4/15)
 Temple: D:4-7

Altars:
Dithmenos
Ru
Yredelemnul

Annotations:
D:4 Ijyb, Natasha


Innate Abilities, Weirdness & Mutations

You have a pair of horns on your head.
You reflexively headbutt those who attack you in melee.


Message History

Ijyb the Twisted Goblin comes into view.
She is wielding a +0 club and carrying a wand of mindburst (16).
Ijyb shouts!
Ijyb zaps a wand.
Your mind is blasted!
You see here a javelin.
You throw a javelin. The javelin pierces through Ijyb!
Ijyb is heavily wounded.
Ijyb zaps a wand.
Your mind is blasted!
Ijyb zaps a wand.
You struggle to resist.
Natasha, Servant of Life and Death comes into view.
Ijyb zaps a wand.
Your mind is blasted!
You see here a javelin.
Natasha stares at you and mumbles some strange words.
The magic dart hits you.
You completely miss Natasha. Ijyb screams, "I cut your head off!"
Natasha claws you but does no damage.
You hit Natasha.
Natasha is moderately wounded.
Ijyb screams, "Get away!"
You block Natasha's attack.
You barely miss Natasha.
Natasha is moderately wounded.
You hit Ijyb but do no damage.
Ijyb zaps a wand.
Your mind is blasted!
Natasha claws you.
You closely miss Natasha.
Natasha is moderately wounded.
You hit Ijyb but do no damage.
Ijyb zaps a wand.
You struggle to resist.
Natasha claws you.
You barely miss Natasha. Your headbutt misses Natasha.
Natasha is moderately wounded.
You hit Ijyb. Ijyb hits you with a +0 club. Natasha claws you.
Okay, then.
Ijyb zaps a wand.
Your mind is blasted!
* * * LOW HITPOINT WARNING * * *
Natasha claws you!
* * * LOW HITPOINT WARNING * * *
Ijyb attacks as you move away! You block Ijyb's attack.
Natasha casts a spell at you. The magic dart hits you!
You die...

....# ### ....### ...# .......
....# ##....... # ...###........
# ........(... ## #..........
.####### ##.@(....... ....#..##
##..hg....##
........#####..........#
...##....#.#...#(.............
.#...#...#...###.................
##.......#.##.##(............ ..
.###........#..........##... ...
..##......................# ..#
..#......#................####.#


You could see Ijyb and Natasha.

Vanquished Creatures
  Grinder (D:3)
  Eustachio (D:4)
  Edmund (D:3)
  An ice beast (D:4)
  3 scorpions (D:4)
  An iguana (D:3)
  A sleepcap (D:4)
  Terence (D:2)
  Natasha (D:4)
  An orc wizard (D:4)
  Robin (D:2)
  4 gnolls (D:3)
  3 worms
  7 dart slugs
  11 orcs
  10 bats
  3 endoplasms
  2 giant cockroaches
  13 goblins
  16 hobgoblins
  8 jackals
  8 kobolds
  5 quokkas
  5 ball pythons
  4 frilled lizards
  5 rats
117 creatures vanquished.

Notes
Turn   | Place    | Note
-------+----------+-------------------------------------------
     0 | D:1      | apoch the Minotaur Fighter began the quest for the Orb.
     0 | D:1      | Reached XP level 1. HP: 19/19 MP: 0/0
    67 | D:1      | Reached skill level 3 in Axes
    80 | D:1      | Reached XP level 2. HP: 22/26 MP: 1/1
   103 | D:1      | Reached skill level 4 in Axes
   128 | D:1      | Upgraded the game from 0.30.0 to 0.30.0-5-g1a98f26d00
   237 | D:1      | Reached XP level 3. HP: 31/31 MP: 2/2
   352 | D:1      | Found a faded altar of an unknown god.
   521 | D:2      | Reached skill level 5 in Axes
   607 | D:2      | Noticed Terence
   616 | D:2      | Killed Terence
   617 | D:2      | Reached XP level 4. HP: 33/39 MP: 3/3
   617 | D:2      | Found a shadowy altar of Dithmenos.
   661 | D:2      | Noticed Robin
   668 | D:2      | Killed Robin
   847 | D:2      | Reached skill level 6 in Axes
  1411 | D:3      | Noticed Grinder
  1421 | D:3      | Paralysed by Grinder for 5 turns
  1427 | D:3      | Killed Grinder
  1428 | D:3      | Reached skill level 7 in Axes
  1428 | D:3      | Reached XP level 5. HP: 16/45 MP: 4/4
  1428 | D:3      | Reached XP level 6. HP: 18/51 MP: 5/5
  1572 | D:3      | Reached skill level 8 in Axes
  2111 | D:3      | Found a basalt altar of Yredelemnul.
  2162 | D:3      | Found a sacrificial altar of Ru.
  2683 | D:4      | Noticed Edmund
  2693 | D:4      | Noticed Eustachio
  2703 | D:3      | Killed Edmund
  2704 | D:3      | Reached skill level 9 in Axes
  2704 | D:3      | Reached XP level 7. HP: 36/57 MP: 6/6
  2842 | D:4      | Killed Eustachio
  2977 | D:4      | Reached skill level 10 in Axes
  3338 | D:4      | Noticed Natasha
  3344 | D:4      | Killed Natasha
  3365 | D:4      | Reached skill level 5 in Fighting
  3727 | D:4      | Reached XP level 8. HP: 46/71 MP: 7/7
  3821 | D:4      | Noticed Ijyb
  3823 | D:4      | Noticed Natasha
  3833 | D:4      | Killed from afar by Natasha

Illustrated notes

Levels and vault maps discovered:
D:1:      lightli_arrival_isolated_outpost, layout_rooms,
          hellmonk_ecumenical_altar_dog_temple
D:2:      layout_loops_ring, basic_altar, uniq_robin, uniq_terence
D:3:      kb_forest_paths, layout_basic, mainiacjoe_overflow_alcove_1,
          mainiacjoe_overflow_cross_hatched, uniq_grinder
D:4:      layout_cave_pools, lemuel_round_altar, minmay_liquid_box,
          uniq_natasha, uniq_eustachio, uniq_ijyb, uniq_edmund

Skill      XL: |  1  2  3  4  5  6  7 |
---------------+----------------------+-----
Axes           | 3 4 5 7 9 10 | 10.0
Fighting       | 6 |  6.7
Armour         | |  3.6
Shields        | |  3.6

Action                     |  1- 3 |  4- 6 |  7- 9 || total
---------------------------+-------+-------+-------++-------
  Melee: War axe           |    79 |    92 |    52 ||   223
         Headbutt          |    11 |    13 |    11 ||    35
  Throw: Javelin           |       |    31 |    18 ||    49
         Stone             |       |    24 |    10 ||    34
    Use: Potion            |       |     1 |       ||     1
         Scroll            |       |     4 |       ||     4
 Armour: Scale mail        |    39 |    22 |    15 ||    76
  Dodge: Dodged            |    37 |    33 |    15 ||    85
  Block: Buckler           |    18 |    17 |    13 ||    48
